Map: 紫晶浪漫-天梯版

Players

Cyan

  • Race: Protoss Protoss

iGCoffeeMs (Coffee) - Winner!

  • Race: Terran Terran
  • League: Master

Event: DreamHack SC2 Masters 2021 Summer

VOD

Have the link to the VOD?

Description

Time

  • Played on: May 26, 2021, 9:03 a.m.
  • Length: 5:57

All games in this series

Show
View Real Time Build Order
Export as new Build Order

Cyan Protoss 

Build Orders: 1 Gate Expand, Phoenix Opening 

Get SALT Encoding   

  12  0:00  Probe  
  13  0:12  Probe  
  14  0:17  Pylon  
  14  0:24  Probe  
  15  0:36  Probe (Chrono Boost)  
  15  0:38  Gateway  
  16  0:45  Probe (Chrono Boost)  
  16  0:49  Assimilator  
  17  0:51  Probe (Chrono Boost)  
  18  1:03  Probe  
  19  1:15  Probe  
  20  1:25  Cybernetics Core  
  20  1:33  Nexus  
  20  1:36  Probe  
  21  1:45  Pylon  
  21  1:48  Probe  
  21  1:52  Assimilator  
  22  2:00  Probe, Adept (Chrono Boost)  
  25  2:13  Probe  
  26  2:21  Adept (Chrono Boost)  
  25  2:27  Probe  
  28  2:32  Stargate  
  28  2:39  Probe  
  28  2:41  Adept (Chrono Boost)  
  28  2:43  Warp Gate  
  29  2:45  Probe  
  32  2:51  Probe  
  32  2:58  Probe  
  34  3:04  Probe  
  35  3:10  Probe  
  36  3:15  Phoenix (Chrono Boost)  
  36  3:16  Probe  
  39  3:22  Probe, Gateway  
  39  3:26  Pylon  
  40  3:28  Probe, Assimilator  
  42  3:34  Probe  
  42  3:40  Probe  
  41  3:44  Phoenix (Chrono Boost)  
  41  3:46  Probe, Robotics Facility  
  44  3:52  Probe  
  44  3:54  Shield Battery  
  45  3:58  Probe  
  45  3:59  Assimilator  
  46  4:04  Probe  
  46  4:07  Phoenix (Chrono Boost)  
  49  4:10  Probe  
  49  4:15  Pylon  
  49  4:16  Probe  
  51  4:20  Pylon  
  51  4:22  Probe, Phoenix (Chrono Boost)  
  54  4:33  Probe  
  54  4:34  Observer (Chrono Boost), Probe  
  54  4:37  Robotics Bay  
  57  4:42  Phoenix  
  57  4:45  Probe  
  60  4:46  Probe  
  60  4:51  Pylon  
  61  4:55  Observer (Chrono Boost)  
  61  4:57  Probe  
  63  5:02  Nexus  
  63  5:05  Pylon  
  63  5:07  Sentry x2  
  67  5:14  Pylon  
  69  5:23  Pylon  
  63  5:30  Adept x2  
  63  5:35  Pylon  
Show
View Real Time Build Order
Export as new Build Order

iGCoffeeMs Terran - Winner!

Build Orders:  

Get SALT Encoding   

  12  0:00  SCV  
  13  0:12  SCV  
  14  0:17  Supply Depot  
  14  0:24  SCV  
  15  0:38  SCV  
  15  0:39  Barracks  
  16  0:43  Refinery  
  16  0:50  SCV  
  17  1:03  SCV  
  18  1:15  SCV  
  19  1:25  Marine  
  19  1:27  Orbital Command  
  20  1:44  Command Center  
  20  1:45  Barracks Reactor  
  20  1:52  Supply Depot  
  20  1:55  SCV  
  21  2:07  SCV, Barracks  
  22  2:21  SCV  
  22  2:22  Marine x2  
  24  2:25  Barracks  
  25  2:33  SCV  
  26  2:40  Marine x2  
  28  2:45  SCV  
  29  2:56  Barracks Tech Lab, Orbital Command  
  29  2:57  SCV  
  30  2:59  Marine x2  
  32  3:07  Supply Depot  
  32  3:09  SCV  
  32  3:14  Barracks Tech Lab  
  32  3:17  Marine, Stimpack  
  32  3:19  Marine x2  
  35  3:21  SCV x2  
  37  3:33  SCV, Combat Shield  
  38  3:38  Marine x2  
  38  3:43  SCV  
  38  3:45  SCV  
  38  3:48  Marauder  
  41  3:50  Refinery, Marauder  
  41  3:55  SCV, Supply Depot  
  44  3:57  Marine x2  
  44  3:58  SCV  
  47  4:05  Engineering Bay  
  47  4:07  SCV  
  47  4:09  Marauder  
  50  4:10  SCV  
  50  4:11  Marauder  
  50  4:14  Marine  
  54  4:17  Refinery, Marine  
  54  4:20  Supply Depot  
  54  4:21  Supply Depot  
  54  4:23  SCV x2  
  57  4:31  Factory  
  57  4:35  SCV x2  
  59  4:40  Marine x3  
  59  4:42  Marine  
  63  4:47  Supply Depot  
  63  4:49  SCV  
  63  4:51  SCV  
  65  4:59  Marauder  
  67  5:00  Marauder  
  67  5:02  Marine  
  67  5:03  Supply Depot  
  67  5:07  SCV x2  
  72  5:16  Starport, Factory Reactor  
  72  5:22  Marauder  
  72  5:23  Marauder, Marine  
  71  5:44  SCV  
  71  5:45  SCV  
  74  5:50  Barracks  
Tags
 
Add a new tag
Caveats
  • Supply blocks, unpowered buildings, or Contaminate may cause inaccurate times.
  • Supply counts are checked every 10 seconds.